 Dungeon Crawl Stone Soup version 0.30.1-9-gdf580d7c3d (webtiles) character file.

Game seed: 8686981316841514415

774 boopmooplesden the Covered (level 7, -1/63 HPs)
             Began as an Armataur Fighter on Oct 17, 2023.
             Killed from afar by an electric eel (8 damage)
             ... with a bolt of electricity
             ... on level 6 of the Dungeon.
             The game lasted 00:06:55 (4475 turns).

boopmooplesden the Covered (Armataur Fighter)       Turns: 4475, Time: 00:06:55

Health: -1/63      AC: 13    Str: 24    XL:     7   Next: 53%
Magic:  7/7        EV:  5    Int:  8    God:
Gold:   328        SH:  4    Dex:  9    Spells: 6/6 levels left

rFire   . . .        a - +1 long sword
rCold   . . .        c - +0 buckler
rNeg    . . .        m - +2 plate armour
rPois   .            (no helmet)
rElec   .            j - +0 cloak
rCorr   .            (no gloves)
SInv    .            (no barding)
Will    .....        (no amulet) Stlth
                     (no ring)
HPRegen 0.30/turn    (no ring)
MPRegen 0.10/turn

%: roll
@: no status effects
A: large, rugged brown scales 3, deformed body, armoured tail, roll, long
tongue, awkward tongue
a: no special abilities


You were on level 6 of the Dungeon.
You visited 1 branch of the dungeon, and saw 6 of its levels.

You collected 328 gold pieces.

Inventory:

Hand Weapons
 a - a +1 long sword (weapon)
 d - a +4 spear of venom
Armour
 c - a +0 buckler (worn)
 j - a +0 cloak (worn)
 m - a +2 plate armour (worn)
Scrolls
 f - a scroll of noise
 h - a scroll of blinking
 l - 3 scrolls of teleportation
Potions
 b - 3 potions of brilliance
 e - a potion of attraction
 g - 2 potions of curing
 i - 3 potions of flight
 k - a potion of lignification {unknown}
 n - a potion of degeneration {unknown}
 o - a potion of might


   Skills:
 + Level 4.1 Fighting
 + Level 5.6 Long Blades
 + Level 5.7 Armour
 + Level 1.1 Dodging
 + Level 0.7 Stealth
 + Level 4.2 Shields


You had 6 spell levels left.
You didn't know any spells.
Your spell library contained the following spells:

 Spells                   Type           Power      Damage    Failure   Level
 Freeze                   Ice            0%         1d3       100%        1
 Frozen Ramparts          Ice            0%         1d1       100%        3
 Hailstorm                Conj/Ice       0%         3d3       100%        3
 Conjure Ball Lightning   Conj/Air       0%         3x3d6     100%        6
 Discord                  Hex            0%         N/A       100%        8
 Disjunction              Tloc           0%         N/A       100%        8


Dungeon Overview and Level Annotations

Branches:
Dungeon (6/15)
 Temple: D:4-7

Altars:

Shops:
D:1 *   D:5 =   D:6 !


Innate Abilities, Weirdness & Mutations

You are completely covered in rugged brown scales. (AC +3, +7% HP)
Armour fits poorly on your strangely shaped body.
You have a long armoured tail.
You roll when moving toward enemies. (Rampage)
Your long tongue fully drains potion bottles. (2x potion effects)
Your tongue gives you trouble enunciating. (1.5x scroll delay)


Message History

The jelly attacks as you move away! The jelly hits you but does no damage.
You feel very sick. The jelly attacks as you move away!
The jelly closely misses you.
You feel very sick.
The water moccasin bites you but does no damage.
You feel sick.
You feel sick. The water moccasin bites you.
The water moccasin attacks as you move away!
The water moccasin bites you but does no damage.
You feel sick.
The water moccasin bites you but does no damage.
You feel sick.
The water moccasin bites you but does no damage.
The jelly completely misses you.
You feel sick.
The water moccasin bites you but does no damage.
The water moccasin attacks as you move away!
The water moccasin barely misses you. The jelly attacks as you move away!
The jelly barely misses you.
You feel sick.
You feel sick.
You are no longer poisoned.
The electric eel shoots out a bolt of lightning at you!
The bolt of electricity hits you. The bolt of electricity hits you!
* * * LOW HITPOINT WARNING * * *
You hear a shout!
You hear a bark!
A centaur comes into view.
The water moccasin bites you.
* * * LOW HITPOINT WARNING * * *
The centaur wields a +0 shortbow.
The centaur shoots an arrow.
You block the arrow.
The water moccasin attacks as you move away!
The water moccasin bites you but does no damage.
The jelly attacks as you move away! The jelly hits you but does no damage.
A hound comes into view.
The centaur shoots an arrow.
The arrow hits you.
* * * LOW HITPOINT WARNING * * *
The electric eel shoots out a bolt of lightning at you!
The bolt of electricity hits you!
You die...

..... ...# ### ...# ... ...#
#.# #~ ...# ### #.# ##~~
...# .. #.# ..... ...# #.#
#.#..?... ...# #..##.#.....~
...##########..#@#....~..
##.........# #.#S.....~..."~
##.........# #..oJ.....~~⌠..
.#.........# ##.o.......⌠~~.
.#.........# #..#o..~~....~
##.........####..#..S..h~..~
.'..∩......'.....#..~..c.~~.
.#.........#####.....~~.....
.#.........# ##.....~~....


You could see a water moccasin, a centaur, a hound, a jelly, an electric eel and
3 orcs.

Vanquished Creatures
  A water moccasin (D:5)
  Duvessa (D:5)
  A black bear (D:4)
  An ogre (D:5)
  A scorpion (D:5)
  Dowan (D:5)
  An orc priest (D:4)
  An iguana (D:5)
  An orc wizard (D:4)
  4 gnolls
  8 adders
  4 worms
  2 dart slugs (D:1)
  4 orcs
  8 ball pythons
  7 endoplasms
  4 giant cockroaches
  8 hobgoblins
  4 jackals
  6 kobolds
  6 quokkas
  14 bats
  7 frilled lizards
  14 goblins
  4 rats
113 creatures vanquished.

Notes
Turn   | Place    | Note
-------+----------+-------------------------------------------
     0 | D:1      | boopmooplesden the Armataur Fighter began the quest for the
                  | Orb.
     0 | D:1      | Reached XP level 1. HP: 19/19 MP: 1/1
   126 | D:1      | Reached XP level 2. HP: 26/26 MP: 2/2
   224 | D:1      | Found Utreur's Assorted Antiques.
   450 | D:1      | Reached XP level 3. HP: 27/33 MP: 3/3
  1167 | D:2      | Reached XP level 4. HP: 40/40 MP: 4/4
  1294 | D:2      | Found a faded altar of an unknown god.
  2214 | D:3      | Reached XP level 5. HP: 15/48 MP: 5/5
  2873 | D:4      | Noticed a black bear
  2886 | D:4      | Killed a black bear
  2887 | D:4      | Reached XP level 6. HP: 43/54 MP: 6/6
  3163 | D:5      | Entered Level 5 of the Dungeon
  3345 | D:5      | Reached skill level 5 in Armour
  3466 | D:5      | Found Waatsin's Jewellery Emporium.
  3552 | D:5      | Noticed Duvessa
  3554 | D:5      | Noticed Dowan
  3585 | D:5      | Killed Duvessa
  3586 | D:5      | Reached skill level 5 in Long Blades
  3586 | D:5      | Reached XP level 7. HP: 23/62 MP: 7/7
  3593 | D:5      | Killed Dowan
  3594 | D:5      | Reached skill level 1 in Dodging
  4439 | D:6      | Found Ugyusuh's Distillery.
  4475 | D:6      | Killed from afar by an electric eel

Illustrated notes

Levels and vault maps discovered:
D:1:      lightli_arrival_statuegarden, layout_loops_ring, serial_shops, shop
D:2:      layout_basic, basic_ecumenical_altar, minivault_11,
          minmay_split_cup_small
D:3:      layout_loops_cross, dreamdust_princess_corridor
D:4:      layout_rooms
D:5:      layout_cave_pods, serial_shops, shop, uniq_duvessa
D:6:      cheibrodos_helix_gallery, layout_basic,
          minmay_temple_entry_proselytizer, serial_shops, shop, hex_tiny,
          grunt_ministairs_11

Skill      XL: |  1  2  3  4  5  6  7 |
---------------+----------------------+-----
Fighting       | 3 4 |  4.1
Long Blades    | 2 3 4 5 |  5.6
Armour         | 4 5 |  5.7
Shields        | 4 |  4.2
Dodging        | 1 |  1.1
Stealth        | |  0.7

Action                     |  1- 3 |  4- 6 |  7- 9 || total
---------------------------+-------+-------+-------++-------
  Melee: Long sword        |   135 |   227 |    31 ||   393
         Tailslap          |    10 |    20 |     4 ||    34
    Use: Scroll            |     2 |     7 |     1 ||    10
         Potion            |     3 |     1 |     1 ||     5
 Armour: Scale mail        |    14 |       |       ||    14
         Chain mail        |   100 |    15 |       ||   115
         Plate armour      |       |   174 |    28 ||   202
  Dodge: Dodged            |    41 |    56 |     9 ||   106
  Block: Buckler           |    33 |    50 |    11 ||    94
